 Dungeon Crawl Stone Soup version 0.30-a0-509-gd016549fea (webtiles) character file.

Game seed: 12801579740016967502

1605 xzight the Magician (level 8, -3/47 HPs)
             Began as a Deep Elf Fire Elementalist on Dec 22, 2022.
             Succumbed to a kobold brigand's curare-tipped dart
             ... on level 6 of the Dungeon.
             The game lasted 00:11:26 (7418 turns).

xzight the Magician (Deep Elf Fire Elementalist)    Turns: 7418, Time: 00:11:26

Health: -3/47      AC:  4    Str:  5    XL:     8   Next: 63%
Magic:  18/20      EV: 16    Int: 23    God:
Gold:   314        SH:  0    Dex: 21    Spells: 18/21 levels left

rFire   . . .      SeeInvis +    y - +1 dagger (elec)
rCold   . . .      Faith    .    (no shield)
rNeg    . . .      Spirit   .    a - +0 robe
rPois   .          Reflect  .    h - +1 helmet
rElec   .          Harm     .    (no cloak)
rCorr   .          Rampage  .    (no gloves)
Will    .....                    (no boots)
Stlth   ++........               (no amulet)
HPRegen 0.27/turn                D - +6 ring of dexterity
MPRegen 0.17/turn                v - ring of see invisible

@: lethally poisoned (-3 -> -48), slowed, very slow
A: no striking features
a: no special abilities


You were on level 6 of the Dungeon.
You visited 1 branch of the dungeon, and saw 6 of its levels.

You collected 314 gold pieces.


   Skills:
 + Level 3.6 Fighting
 + Level 6.3 Dodging
 - Level 2.4 Stealth
 + Level 7.1 Spellcasting
 + Level 5.4 Conjurations
 + Level 6.3 Fire Magic


You had 18 spell levels left.
You knew the following spells:

 Your Spells              Type           Power      Damage    Failure   Level
a - Foxfire               Conj/Fire      100%       2x1d9     1%          1
b - Scorch                Fire           74%        2d8       1%          2

Your spell library contained the following spells:

 Spells                   Type           Power      Damage    Failure   Level
 Inner Flame              Hex/Fire       22%        N/A       6%          3
 Flame Wave               Conj/Fire      35%        2d10      7%          4
 Apportation              Tloc           16%        N/A       8%          1
 Necrotise                Necr           32%        1d5       8%          1
 Summon Small Mammal      Summ           32%        N/A       8%          1
 Hailstorm                Conj/Ice       20%        3d6       8%          3
 Kindle Blastsparks       Fire/Tloc/Air  34%        2d12      10%         3
 Sublimation of Blood     Necr           8%         N/A       12%         2
 Wereblood                Tmut           8%         N/A       12%         2
 Ice Form                 Ice/Tmut       8%         N/A       58%         4
 Simulacrum               Ice/Necr       4%         N/A       100%        6
 Summon Hydra             Summ           4%         N/A       100%        7

Inventory:

Hand Weapons
 y - a +1 dagger of electrocution (weapon)
Missiles
 o - a throwing net {=f}
Armour
 a - a +0 robe (worn)
 h - a +1 helmet (worn)
Jewellery
 v - a ring of see invisible (right hand)
 D - a +6 ring of dexterity (left hand)
 L - a ring of flight
Wands
 j - a wand of flame (25)
Scrolls
 c - a scroll of vulnerability
 e - a scroll of brand weapon
 f - a scroll of acquirement {unknown}
 i - a scroll of enchant armour
 k - 3 scrolls of teleportation {@r2}
 l - 3 scrolls of immolation
 t - a scroll of enchant weapon
 w - a scroll of identify {@r1}
 x - 2 scrolls of noise {unknown}
Potions
 b - 4 potions of magic
 d - a potion of might
 g - a potion of lignification
 p - a potion of brilliance
 q - a potion of mutation
 r - a potion of attraction
 s - a potion of haste {@q3}

Dungeon Overview and Level Annotations

Branches:
Dungeon (6/15)
 Temple: D:4-7

Altars:
Trog

Shops:
D:1 :

Annotations:
D:6 exclusions: kobold and kobold brigand

##.....#......#####.#.....
##..............##
#.######
#........K.......# #.#
#........K.......# #.#
#................# #.#
#........§.......# #.#
#........§.......# ###
#........§.v.....#
##.......§@v....##
##.....##.....##
##############


You could see a kobold brigand (ally target) and a kobold.


Message History

Confirm with . or Enter, or press ? or * to list all spells.
You conjure some foxfire!
You feel sick.
The kobold brigand throws a curare-tipped dart.
The curare-tipped dart hits you.
You are more poisoned.
You have difficulty breathing.
You feel as though you will be slow longer.
You feel very sick.
The foxfire hits the kobold brigand.
The kobold brigand is moderately wounded.
The foxfire hits the kobold brigand.
The kobold brigand is heavily wounded.
A kobold comes into view. It is wielding a +0 dagger.
The kobold brigand throws a curare-tipped dart.
The curare-tipped dart hits you.
You are lethally poisoned!
You have difficulty breathing.
* * * LOW HITPOINT WARNING * * *
You feel as though you will be slow longer.
The kobold brigand throws a curare-tipped dart.
The curare-tipped dart hits you.
You are more poisoned.
You have difficulty breathing.
* * * LOW HITPOINT WARNING * * *
You feel as though you will be slow longer.
Casting: Foxfire (safe; 1% risk of failure)
Confirm with . or Enter, or press ? or * to list all spells.
You conjure some foxfire!
The kobold shouts!
You die...

Skill      XL: |  1  2  3  4  5  6  7  8 |
---------------+-------------------------+-----
Dodging        | 3 4 5 6 |  6.3
Conjurations   | 2 3 4 5 |  5.4
Spellcasting   | 4 5 6 7 |  7.1
Fire Magic     | 4 5 6 |  6.3
Fighting       | 1 2 3 |  3.6
Stealth        | |  2.4

Action                   |  1- 3 |  4- 6 |  7- 9 || total
-------------------------+-------+-------+-------++-------
Melee: Dagger            |       |    13 |     7 ||    20
       Punch             |       |     1 |       ||     1
 Cast: Foxfire           |   103 |   118 |    87 ||   308
       Scorch            |     9 |    26 |    56 ||    91
  Use: Scroll            |     5 |    14 |     1 ||    20
       Potion            |       |     2 |     5 ||     7
Armor: Robe              |     8 |    10 |    13 ||    31
Dodge: Dodged            |    34 |    56 |    62 ||   152

Levels and vault maps discovered:
D:1:      spicycebolla_arrival_xxxplode, layout_loops_ring, serial_shops,
          nicolae_diamond_shop
D:2:      layout_basic
D:3:      layout_basic
D:4:      layout_rooms, tgw_trog
D:5:      layout_basic, kennysheep_generic_room_16, uniq_sigmund
D:6:      layout_rooms, minmay_temple_entry_nine_rooms

Notes
Turn   | Place    | Note
-------+----------+-------------------------------------------
     0 | D:1      | xzight the Deep Elf Fire Elementalist began the quest for
                  | the Orb.
     0 | D:1      | Reached XP level 1. HP: 10/10 MP: 6/6
   129 | D:1      | Found Goluegud's Book Shop.
   373 | D:1      | Reached XP level 2. HP: 15/15 MP: 5/8
   376 | D:1      | Learned a level 2 spell: Scorch
  1090 | D:1      | Reached skill level 3 in Dodging
  1160 | D:2      | Reached XP level 3. HP: 19/19 MP: 7/10
  1623 | D:2      | Reached skill level 2 in Conjurations
  2209 | D:3      | Reached XP level 4. HP: 24/24 MP: 8/11
  2264 | D:3      | Identified the +5 short sword of Goxziegh {vorpal, rCorr}
  2270 | D:3      | Reached skill level 4 in Spellcasting
  2275 | D:3      | Reached skill level 4 in Fire Magic
  2660 | D:3      | HP: 2/24 [iguana (12)]
  2662 | D:3      | Reached skill level 1 in Fighting
  2662 | D:3      | Reached XP level 5. HP: 3/29 MP: 6/13
  2995 | D:3      | HP: 1/29 [orc/+0 hand axe (4)]
  3408 | D:3      | Noticed a black bear
  3417 | D:3      | Killed a black bear
  3418 | D:3      | Reached skill level 4 in Dodging
  3418 | D:3      | Reached skill level 3 in Conjurations
  3631 | D:4      | Reached XP level 6. HP: 34/34 MP: 10/15
  4042 | D:4      | Reached skill level 5 in Spellcasting
  4270 | D:4      | Reached skill level 2 in Fighting
  4568 | D:4      | Reached XP level 7. HP: 40/40 MP: 10/16
  4780 | D:4      | Noticed a moth of wrath
  4783 | D:4      | Found a bloodstained altar of Trog.
  4828 | D:4      | Reached skill level 5 in Fire Magic
  4833 | D:4      | Identified the +4 halberd "Orb Guardian's Foe" {flame, rF-
                  | Str+6}
  5100 | D:5      | Entered Level 5 of the Dungeon
  5268 | D:5      | Reached skill level 4 in Conjurations
  5324 | D:5      | Reached skill level 5 in Dodging
  5592 | D:5      | Reached skill level 6 in Spellcasting
  5833 | D:5      | Noticed Sigmund
  5839 | D:5      | Killed Sigmund
  5840 | D:5      | Reached skill level 3 in Fighting
  5840 | D:5      | Reached XP level 8. HP: 46/46 MP: 14/19
  6465 | D:5      | Reached skill level 5 in Conjurations
  6679 | D:6      | Reached skill level 6 in Dodging
  6679 | D:6      | Reached skill level 6 in Fire Magic
  7083 | D:6      | Reached skill level 7 in Spellcasting
  7267 | D:6      | HP: 2/47 [poisoned by a kobold brigand (curare-tipped
                  | dart)]
  7418 | D:6      | Succumbed to a kobold brigand's curare-tipped dart

Vanquished Creatures
  Sigmund (D:5)
  2 black bears
  An ice beast (D:6)
  An ogre (D:5)
  A scorpion (D:4)
  2 howler monkeys
  8 hounds
  A jelly (D:6)
  5 orc priests
  6 iguanas
  6 orc wizards
  8 adders
  An ufetubus (D:6)
  4 worms
  3 dart slugs
  40 orcs
  2 bats
  8 endoplasms
  4 giant cockroaches
  5 goblins
  7 hobgoblins
  9 kobolds
  3 quokkas
  6 ball pythons
  A frilled lizard (D:1)
  10 rats
145 creatures vanquished.

Vanquished Creatures (others)
  489 foxfires
489 creatures vanquished.

Grand Total: 634 creatures vanquished

Table legend: (Time is in decaauts)
 A = Elapsed time spent in this place.
 B = Non-inter-level travel time spent in this place.
 C = Inter-level travel time spent in this place.
 D = Time resting spent in this place.
 E = Time spent auto-exploring this place.
 F = Levels seen in this place.
 G = Mean time per level.
                   A        B        C        D        E       F      G
               +--------+--------+--------+--------+--------+-----+--------+
         Total |   7422 |   7268 |    154 |   1436 |   4558 |   6 | 1237.0 |
       Dungeon |   7422 |   7268 |    154 |   1436 |   4558 |   6 | 1237.0 |
               +--------+--------+--------+--------+--------+-----+--------+

Top non-repeatable levels by time:
     D:4: 1625 daAuts
     D:5: 1452 daAuts
     D:3: 1398 daAuts
     D:1: 1148 daAuts
     D:2: 1044 daAuts
     D:6: 753 daAuts

Table legend:
 A = Non-vault XP
 B = Vault XP
 C = Vault XP percentage of total XP
 D = Non-vault monster count
 E = Vault monster count
 F = Vault count percentage of total count
                 A         B        C        D         E       F
            +---------+---------+-------+---------+---------+-------
      Total |    1935 |     359 |  15.6 |     136 |       9 |   6.2
            +---------+---------+-------+---------+---------+-------
        D:1 |      39 |       0 |   0.0 |      22 |       0 |   0.0
        D:2 |      55 |       0 |   0.0 |      17 |       0 |   0.0
        D:3 |     279 |       0 |   0.0 |      27 |       0 |   0.0
        D:4 |     403 |      13 |   3.1 |      31 |       5 |  13.9
        D:5 |     654 |     346 |  34.6 |      26 |       4 |  13.3
        D:6 |     505 |       0 |   0.0 |      13 |       0 |   0.0
            +---------+---------+-------+---------+---------+-------
